cohdb
Replays
Latest Replays
All Replays
Popular Replays
Top Player Replays
Match Explorer
How It Works
Community
CoH3 Stats
Reddit
Sign in to upload your games and track your stats! →
Sign in with Steam
Match 45447835
Unlisted
Match 45447835
Overview
Messages
Build Orders
End
Scout Squad
Construct Barracks
1⁄4-ton 4x4 Truck
Riflemen Squad
Riflemen Squad
Engineer Squad
Infantry Support Center
Riflemen Squad
Construct Medical Station
Grenade Package
Construct Motor Pool
M24 Chaffee Light Tank
M1918 Browning Automatic Rifles
Riflemen Squad
M1 Anti-tank Gun Team
Advanced Logistics
M1 Anti-tank Gun Team
Survival Training
Riflemen Squad
Construct Tank Depot
Selects Armored Battlegroup
Selects Strength in Steel
Selects Seek and Destroy
Selects UNKNOWN (2160077)
Selects Veteran Crews
Selects M31 Recovery Vehicle
Selects War Machine
M4A3E8 Sherman Easy Eight
Munitions Surplus
Engineer Squad
M4A3E8 Sherman Easy Eight
Demolitions Package
M4A3E8 Sherman Easy Eight
Captain Retinue
Scout Squad
M4A3E8 Sherman Easy Eight
FooKilla
Admiral Ding Dong
T.R. Olvadi
Nico-Nico-Nii~~
0
0
Comments
sign in to comment!
No comments posted yet!